 Dungeon Crawl Stone Soup version 0.29.1-13-g9f3cf754e1 (webtiles) character file.

Game seed: 5667767498954490906

216 mampy3000 the Slasher (level 5, -2/70 HPs)
             Began as a Minotaur Berserker on Jan 19, 2023.
             Was a Believer of Trog.
             Slain by a gnoll
             ... wielding a +0 halberd
             ... led by a gnoll bouda
              (6 damage)
             ... on level 4 of the Dungeon.
             The game lasted 00:06:10 (3381 turns).

mampy3000 the Slasher (Minotaur Berserker)          Turns: 3381, Time: 00:06:10

Health: -2/70      AC:  5    Str: 21    XL:     5   Next: 61%
Magic:  4/4        EV:  9    Int:  4    God:    Trog [**....]
Gold:   120        SH:  6    Dex: 12    Spells: 4/4 levels left

rFire   . . .      SeeInvis .   a - +0 falchion
rCold   . . .      Faith    .   q - +0 kite shield
rNeg    . . .      Spirit   .   j - +0 ring mail
rPois   .          Reflect  .   (helmet restricted)
rElec   .          Harm     .   (no cloak)
rCorr   .          Rampage  .   (no gloves)
Will    .....                   (no boots)
Stlth   ..........              (no amulet)
HPRegen 0.21/turn               (no ring)
MPRegen 0.09/turn               (no ring)

@: berserking (expiring), very quick
A: horns 2, retaliatory headbutt
a: Renounce Religion, Berserk, Trog's Hand


You were on level 4 of the Dungeon.
You worshipped Trog.
Trog was pleased with you.
You visited 1 branch of the dungeon, and saw 4 of its levels.

You collected 120 gold pieces.

Inventory:

Hand Weapons
 a - a +0 falchion (weapon)
Armour
 j - a +0 ring mail (worn)
 q - a +0 kite shield (worn)
Scrolls
 b - 2 scrolls of magic mapping {unknown}
 f - 4 scrolls of teleportation
 h - a scroll of torment {unknown}
 i - 2 scrolls of identify {unknown}
 k - a scroll of enchant armour {unknown}
 m - 2 scrolls of blinking {unknown}
 o - a scroll of immolation {unknown}
Potions
 c - 3 potions of brilliance {unknown}
 d - 3 potions of lignification {unknown}
 e - 2 potions of might {unknown}
 g - a potion of curing {unknown}
 l - a potion of flight {unknown}
 n - a potion of degeneration {unknown}
 p - a potion of berserk rage {unknown}


   Skills:
 + Level 4.7 Fighting
 + Level 5.7 Long Blades
 + Level 3.8 Armour
 + Level 3.0 Dodging
 + Level 0.6 Stealth
 + Level 0.1 Shields


You had 4 spell levels left.
You didn't know any spells.
Your spell library was empty.

Dungeon Overview and Level Annotations

Branches:
Dungeon (4/15)
 Temple: D:4-7

Altars:


Innate Abilities, Weirdness & Mutations

You have a pair of horns on your head.
You reflexively headbutt those who attack you in melee.


Message History

Your Dodging skill increases to level 3!
You are too injured to fight recklessly!
You are too injured to fight recklessly!
You are too injured to fight recklessly!
You are too injured to fight recklessly!
You are too injured to fight recklessly!
You are too injured to fight recklessly!
You are too injured to fight recklessly!
You are too injured to fight recklessly!
You are too injured to fight recklessly!
You block the gnoll's attack.
You see here a +0 whip.
You slash the gnoll! You headbutt the gnoll.
You kill the gnoll!
Trog accepts your kill. The gnoll misses you.
The gnoll hits you with a +0 halberd! The gnoll closely misses you.
Found a stone staircase leading up.
You block the gnoll's attack.
The gnoll hits you from afar with a +0 spear.
The gnoll hits you with a +0 halberd!
* * * LOW HITPOINT WARNING * * *
Things that are here:
a +0 club; a gnoll corpse You closely miss the gnoll.
You slash the gnoll! Your headbutt misses the gnoll.
The gnoll is severely wounded.
The gnoll hits you with a +0 whip.
* * * LOW HITPOINT WARNING * * *
You block the gnoll's attack. x2
Found an escape hatch in the ceiling.
A hobgoblin comes into view.
The gnoll hits you with a +0 spear.
* * * LOW HITPOINT WARNING * * *
The gnoll hits you with a +0 whip.
* * * LOW HITPOINT WARNING * * *
The hobgoblin shouts!
You slash the gnoll!
The gnoll is severely wounded.
The gnoll hits you with a +0 halberd.
You die...

#.##......#.........###
........###...........## #
........###............# #
......#...#...........[####
......##...............##..
...##. ###.................
..... ##.).####......##. ..
<...###g)### #......#..
......g@)#..###.........
........g........<......
..........##........##..
..........##........#...
.........##............#
#.........#.......##.##
#......#........... ##
.g....##...........
.......##


You could see 3 gnolls and a hobgoblin.

Vanquished Creatures
  A gnoll bouda (D:4)
  Jessica (D:2)
  5 adders
  3 gnolls
  2 worms (D:2)
  5 dart slugs
  3 ball pythons
  7 endoplasms
  3 giant cockroaches
  6 goblins
  3 hobgoblins
  7 jackals
  8 kobolds
  5 quokkas
  7 bats
  2 frilled lizards
  3 rats
71 creatures vanquished.

Notes
Turn   | Place    | Note
-------+----------+-------------------------------------------
     0 | D:1      | mampy3000 the Minotaur Berserker began the quest for the
                  | Orb.
     0 | D:1      | Reached XP level 1. HP: 19/19 MP: 0/0
   238 | D:1      | Reached skill level 4 in Long Blades
   238 | D:1      | Reached XP level 2. HP: 18/27 MP: 1/1
  1057 | D:1      | Reached XP level 3. HP: 25/33 MP: 2/2
  1596 | D:2      | Reached ** piety under Trog
  1627 | D:2      | Reached XP level 4. HP: 41/41 MP: 3/3
  1683 | D:2      | Reached skill level 5 in Long Blades
  1837 | D:2      | Found a faded altar of an unknown god.
  2352 | D:2      | Noticed Jessica
  2370 | D:2      | Killed Jessica
  2371 | D:2      | Reached XP level 5. HP: 31/47 MP: 4/4
  3381 | D:4      | Slain by a gnoll

Illustrated notes

Levels and vault maps discovered:
D:1:      dpeg_arrival_solitude, layout_loops_ring
D:2:      layout_basic, hellmonk_ecumenical_altar_pennies_from_heaven,
          uniq_jessica
D:3:      layout_basic
D:4:      layout_cave_pools

Skill      XL: |  1  2  3  4  5 |
---------------+----------------+-----
Long Blades    | 4 5 |  5.7
Fighting       | 4 |  4.7
Armour         | 3 |  3.8
Dodging        | 3 |  3.0
Stealth        | |  0.6
Shields        | |  0.1

Action                   |  1- 3 |  4- 6 || total
-------------------------+-------+-------++-------
Melee: Falchion          |    95 |    80 ||   175
       Headbutt          |    13 |    12 ||    25
       Punch             |       |     1 ||     1
Invok: Berserk           |     1 |     1 ||     2
  Use: Scroll            |       |     1 ||     1
Armor: Leather armour    |    18 |     6 ||    24
       Ring mail         |       |    27 ||    27
Dodge: Dodged            |    60 |    39 ||    99
Block: Kite shield       |       |    12 ||    12
